Map: Lost and Found LE

Players

soul

  • Race: Terran Terran
  • Spawn Location: 7:00

Bly - Winner!

  • Race: Zerg Zerg
  • League: Master
  • Spawn Location: 1:00

Event: HomeStory Cup XVIII

VOD

Have the link to the VOD?

Description

Time

  • Played on: Nov. 23, 2018, 9:14 a.m.
  • Length: 10:23

All games in this series

Show
View Real Time Build Order
Export as new Build Order

soul Terran 

Build Orders: Gas First Reaper Expand, Liberator Opening, Reaper Expand 

Get SALT Encoding   

  12  0:01  SCV  
  13  0:14  Supply Depot  
  13  0:18  SCV  
  14  0:30  SCV  
  14  0:31  Refinery  
  15  0:42  Barracks  
  15  0:46  SCV  
  16  0:58  SCV  
  17  1:10  SCV  
  18  1:29  Reaper, Orbital Command  
  19  1:44  Command Center  
  19  1:55  Factory  
  19  1:59  SCV  
  20  2:07  Refinery  
  20  2:09  Barracks Reactor  
  20  2:11  SCV  
  21  2:18  Supply Depot  
  21  2:23  SCV  
  22  2:35  SCV  
  23  2:40  Starport  
  23  2:48  SCV  
  26  2:51  Hellion, Barracks Tech Lab  
  25  3:00  SCV  
  26  3:08  Hellion  
  26  3:11  Liberator  
  26  3:12  Hellion, SCV  
  31  3:18  Barracks Tech Lab  
  31  3:21  Orbital Command  
  31  3:24  SCV  
  35  3:38  Marine  
  35  3:39  Stimpack  
  35  3:40  SCV  
  37  3:44  Hellion  
  37  3:46  SCV  
  40  3:51  Hellion  
  40  3:54  SCV  
  43  3:59  SCV  
  38  4:06  Hellion, SCV  
  40  4:10  Supply Depot  
  40  4:11  Marine, SCV  
  40  4:12  Hellion  
  44  4:19  SCV  
  44  4:23  SCV  
  46  4:25  Starport Reactor  
  46  4:31  Marine  
  46  4:32  SCV  
  46  4:35  Supply Depot, SCV  
  46  4:38  Supply Depot  
  49  4:44  SCV  
  50  4:47  SCV  
  50  4:49  Marine  
  50  4:51  Command Center  
  52  4:56  SCV  
  52  4:59  SCV  
  53  5:04  Siege Tank  
  56  5:07  Marine  
  56  5:08  SCV  
  56  5:11  SCV, Barracks  
  59  5:18  Starport Reactor  
  59  5:20  SCV  
  59  5:22  Barracks  
  59  5:24  SCV  
  59  5:25  Marine  
  61  5:30  Engineering Bay  
  61  5:32  Engineering Bay, SCV  
  62  5:35  Refinery  
  62  5:36  SCV  
  62  5:37  Refinery  
  62  5:38  Supply Depot  
  63  5:44  Siege Tank, SCV  
  63  5:48  SCV  
  66  5:56  SCV  
  65  6:00  Combat Shield, SCV  
  65  6:01  Marine  
  63  6:05  Orbital Command  
  63  6:06  Terran Infantry Weapons Level 1, Terran Infantry Armor Level 1  
  63  6:08  SCV  
  63  6:10  Marine x4  
  67  6:12  SCV  
  67  6:18  Medivac x2  
  71  6:19  Marine  
  71  6:21  SCV  
  71  6:24  Siege Tank, SCV  
  77  6:28  Marine x3  
  77  6:29  Orbital Command  
  78  6:33  SCV  
  78  6:36  SCV  
  78  6:37  Marine  
  81  6:42  Armory  
  81  6:43  Marine  
  81  6:44  Supply Depot  
  81  6:45  SCV  
  83  6:47  Marine x3  
  83  6:48  SCV  
  87  6:55  Marine, SCV  
  87  6:57  SCV  
  87  7:00  SCV  
  79  7:01  Marine  
  79  7:05  Marine x3  
  79  7:06  Medivac x2  
  79  7:07  SCV  
  79  7:08  Siege Tank  
  82  7:09  SCV  
  82  7:13  Marine  
  81  7:16  SCV  
  81  7:19  Marine, SCV  
  85  7:22  SCV  
  85  7:23  Marine  
  85  7:28  SCV  
  85  7:29  Marine x2  
  89  7:31  Marine  
  89  7:32  Supply Depot  
  89  7:33  Supply Depot, SCV  
  89  7:35  SCV  
  89  7:37  Marine  
  92  7:40  Marine, Siege Tank, SCV  
  92  7:43  Barracks  
  98  7:44  Barracks  
  98  7:47  Marine x2  
  98  7:48  SCV  
  101  7:54  Marine x2  
  101  7:56  Refinery x2  
  101  7:58  Marine, Factory  
  103  8:00  Supply Depot  
  103  8:03  SCV  
  103  8:04  Marine x2  
  107  8:10  Supply Depot  
  107  8:11  Marine  
  107  8:12  Marine, Siege Tank  
  111  8:16  Marine  
  104  8:22  Marine x2  
  104  8:29  Marine  
  104  8:30  Supply Depot, Marine, Command Center  
  104  8:34  Supply Depot, Marine, Barracks Reactor x2  
  106  8:39  SCV  
  106  8:40  Marine x2  
  110  8:43  Factory Tech Lab  
  110  8:44  Siege Tank  
  110  8:46  SCV  
  110  8:47  Marine  
  110  8:48  Marine  
  115  8:52  Marine  
  115  8:54  SCV x2  
  119  8:58  Marine x2  
  124  9:02  Siege Tank  
  124  9:05  Marine  
  124  9:06  Marine  
  124  9:08  Supply Depot x2  
  124  9:09  Marine  
  126  9:16  Marine x6, Siege Tank  
  136  9:19  SCV  
  136  9:23  Marine  
  136  9:24  Marine  
  139  9:27  Marine  
  139  9:29  Medivac x2  
  135  9:33  Marine  
  135  9:34  Marine x2  
  135  9:35  Siege Tank  
  125  9:48  Siege Tank  
  125  9:52  Barracks x2  
  128  9:54  Marine x3, Barracks  
  128  9:55  Marine  
  136  10:03  Marine  
  136  10:04  SCV  
  129  10:09  SCV  
Show
View Real Time Build Order
Export as new Build Order

Bly Zerg - Winner!

Build Orders: Pool First, Muta Ling Bane 

Get SALT Encoding   

  12  0:01  Drone  
  13  0:12  Overlord  
  13  0:17  Drone  
  14  0:30  Drone x2  
  16  0:40  Spawning Pool  
  15  0:45  Drone  
  15  0:48  Drone  
  17  1:08  Hatchery  
  17  1:11  Drone  
  17  1:14  Extractor  
  17  1:16  Drone  
  17  1:27  Zergling x2  
  17  1:28  Zergling x2  
  19  1:33  Queen  
  21  1:42  Overlord  
  21  1:50  Drone  
  22  2:01  Drone  
  23  2:09  Queen  
  23  2:10  Drone  
  23  2:15  Metabolic Boost  
  26  2:20  Drone  
  27  2:23  Drone  
  27  2:25  Queen  
  30  2:30  Drone  
  30  2:35  Overlord  
  31  2:43  Drone x3  
  34  2:52  Overlord  
  33  2:59  Drone x3  
  33  3:03  Drone  
  36  3:07  Drone  
  36  3:12  Hatchery  
  36  3:14  Drone  
  36  3:19  Drone  
  38  3:27  Zergling x8  
  42  3:35  Drone  
  42  3:36  Drone x3  
  42  3:39  Queen, Drone  
  49  3:52  Drone x2  
  50  4:05  Drone x2  
  50  4:08  Evolution Chamber  
  50  4:09  Drone, Overlord x2  
  52  4:10  Evolution Chamber  
  51  4:17  Drone  
  52  4:24  Queen  
  52  4:25  Drone  
  52  4:26  Drone x2  
  57  4:32  Drone x2  
  57  4:37  Hatchery  
  58  4:39  Drone x4  
  58  4:41  Drone  
  58  4:42  Drone x2  
  65  4:49  Drone x2, Zerg Ground Armor Level 1  
  67  4:55  Overlord  
  67  4:58  Zergling x4  
  69  5:04  Zergling x2  
  69  5:10  Zergling x2  
  69  5:11  Zergling x6  
  69  5:12  Zerg Melee Weapons Level 1  
  69  5:13  Extractor, Drone x3  
  69  5:14  Extractor, Drone  
  76  5:17  Overlord  
  76  5:20  Drone  
  74  5:22  Drone  
  74  5:28  Drone x4  
  77  5:34  Extractor x2  
  76  5:40  Drone x3  
  76  5:42  Drone  
  79  5:53  Zergling x6  
  80  5:59  Zergling x10  
  80  6:04  Extractor, Lair, Zergling x2  
  83  6:05  Baneling Nest  
  83  6:06  Hatchery  
  82  6:11  Zergling x16  
  82  6:14  Overlord  
  82  6:16  Drone x2  
  91  6:18  Drone  
  91  6:25  Drone x4  
  95  6:26  Overlord  
  95  6:28  Overlord x2  
  96  6:34  Overlord, Drone  
  96  6:37  Drone  
  98  6:41  Drone  
  99  6:47  Drone x3  
  99  6:50  Drone x3  
  97  7:02  Drone x8  
  97  7:07  Zerg Ground Armor Level 2  
  97  7:08  Zerg Melee Weapons Level 2, Centrifical Hooks  
  104  7:10  Zergling x6  
  105  7:17  Zergling x6  
  105  7:22  Drone x10  
  118  7:23  Drone  
  118  7:27  Extractor x2  
  117  7:31  Zergling x8  
  117  7:32  Hatchery  
  120  7:37  Zergling x2  
  120  7:38  Spire  
  120  7:45  Zergling x10  
  120  7:46  Baneling x9  
  120  7:47  Baneling x6  
  120  7:51  Burrow  
  125  7:52  Zergling x12  
  131  8:01  Overseer x2  
  131  8:08  Zergling x22  
  127  8:21  Zergling x16  
  134  8:27  Zergling x14  
  134  8:30  Overlord x2  
  134  8:31  Baneling x7  
  141  8:35  Infestation Pit  
  140  8:50  Mutalisk  
  140  8:51  Mutalisk x10  
  162  9:10  Overseer x2  
  162  9:12  Hive  
  162  9:13  Zergling x4  
  162  9:14  Overlord x9  
  162  9:15  Extractor  
  162  9:16  Baneling x10  
  162  9:29  Zergling x16  
  162  9:30  Overlord  
  164  9:32  Overlord  
  160  9:43  Mutalisk x8  
  174  9:51  Baneling x6  
  174  9:53  Zergling x2  
  174  9:54  Zergling x26  
  174  9:55  Zergling x2  
Tags
 
Add a new tag
Caveats
  • Supply blocks, unpowered buildings, or Contaminate may cause inaccurate times.
  • Supply counts are checked every 10 seconds.